Devils vs Islanders

Created - Saturday, November 07, 2015 at 01:22

Goals
1 2 3 T
Devils 3 3 1 7
Islanders 1 1 2 4
Shots
1 2 3 T
Devils 15 8 9 32
Islanders 12 9 7 28

1st period

1. Devils , Tyler Johnson 15 (Drew Stafford, Matt Greene) at 0:14
2. Devils , Tyler Johnson 16 (Matt Irwin, Paul Stastny) at 5:08 (PP)
3. Islanders , Erik Karlsson 11 (Brandon Pirri, Carl Hagelin) at 7:48
4. Devils , Paul Stastny 10 (Tyler Johnson, Ales Hemsky) at 9:00 (PP)

Penalties :
Paul Gaustad (NYI) for Cross-checking (Minor) at 4:28, Erik Karlsson (NYI) for High sticking (Double Minor) at 8:40, Travis Hamonic (NYI) for Holding (Minor) at 10:16, Brendan Shinnimin (NJD) for Roughing (Minor) at 12:53, Brandon Pirri (NYI) for Tripping (Minor) at 12:57, Dalton Prout (NYI) for Roughing (Minor) at 18:11

2nd period

5. Devils , Tyler Johnson 17 (Chris Porter, Matt Greene) at 3:16
6. Devils , Matt Cullen 4 (Scottie Upshall, Zach Boychuk) at 7:28 (PP)
7. Devils , Matt Irwin 2 (Matt Cullen) at 9:51 (PP)
8. Islanders , Dustin Brown 4 (David Krejci, Erik Karlsson) at 18:50 (PP)

Penalties :
Patrik Berglund (NYI) for Hooking (Minor) at 6:14, Dalton Prout (NYI) for Cross-checking (Minor) at 8:53, Chris Wideman (NJD) for Elbowing (Minor) at 10:11, Matt Greene (NJD) for Interference (Minor) at 18:16, Olli Maatta (NYI) for Unsportsmanlike conduct (Minor) at 19:03

3rd period

9. Devils , Scottie Upshall 2 (Matt Cullen) at 5:30 (SH)
10. Islanders , Erik Karlsson 12 (Tyler Ennis, Carl Hagelin) at 10:38 (PP)
11. Islanders , Jamie Benn 12 (David Krejci) at 15:13 (PP)

Penalties :
Chris Wideman (NJD) for Slashing (Minor) at 1:58, Chris Wideman (NJD) for Holding (Minor) at 5:14, David Warsofsky (NJD) for Hooking (Minor) at 10:22, Scottie Upshall (NJD) for Hooking (Minor) at 15:05, Paul Gaustad (NYI) for High sticking (Minor) at 16:49

Goalie Stats

Devan Dubnyk (NJD), 24 saves from 28 shots - (0.857), W, 6-3-1, 60:00 minutes
Andrew Hammond (NYI), 11 saves from 14 shots - (0.786), L, 0-2-0, 36:44 minutes
Braden Holtby (NYI), 14 saves from 18 shots - (0.778), 23:16 minutes

Players Stats for Devils

Player Name              G  A  P  +/- PIM S  H  SB GA TA FO     MP     PP MP  PK MP  
------------------------------------------------------------------------------------
Ales Hemsky              0  1  1   0  0   0  1  0  0  0  1/2    23:20   6:33   1:39 
Andrew Miller            0  0  0   0  0   1  3  1  0  1  2/6    10:47   0:00   0:00 
Brad Hunt                0  0  0   2  0   0  0  0  0  0  0/0    24:03   6:33   3:24 
Brendan Shinnimin        0  0  0   0  2   0  0  0  0  0  0/3     6:28   0:00   0:59 
Chris Porter             0  1  1   0  0   0  2  1  0  0  0/0     8:34   0:22   0:32 
Chris Wideman            0  0  0  -1  6   1  4  0  0  1  0/0    21:35   5:55   0:34 
David Warsofsky          0  0  0   0  2   0  0  0  0  0  0/0    11:55   0:00   0:00 
Drew Stafford            0  1  1   1  0   3  2  0  0  0  1/1    17:14   7:25   0:00 
Jason Akeson             0  0  0   0  0   0  1  0  2  0  0/0    11:09   0:22   0:00 
Matt Cullen              1  2  3   1  0   6  1  0  3  0  11/26  21:25   5:21   5:28 
Matt Greene              0  2  2   3  2   3  2  0  0  5  0/0    15:20   0:00   3:01 
Matt Irwin               1  1  2   0  0   4  2  2  0  1  0/0    22:56   5:55   3:35 
Paul Stastny             1  1  2   1  0   4  1  1  1  2  8/17   18:51   7:07   0:00 
Radko Gudas              0  0  0   0  0   1  1  0  0  0  0/0    16:25   0:00   3:24 
Scottie Upshall          1  1  2   1  2   3  0  0  1  1  1/1    21:20   5:03   5:20 
Sergei Gonchar           0  0  0   0  0   0  0  0  0  0  0/0     0:00   0:00   0:00 
Tyler Johnson            3  1  4   1  0   6  2  0  3  3  0/1    23:11   7:03   0:00 
Zach Boychuk             0  1  1   0  0   0  1  1  2  1  1/1    16:26   4:41   0:00 

Players Stats for Islanders

Player Name              G  A  P  +/- PIM S  H  SB GA TA FO     MP     PP MP  PK MP  
------------------------------------------------------------------------------------
Brandon Pirri            0  1  1   0  2   2  2  0  1  0  1/2    14:13   4:53   0:00 
Carl Hagelin             0  2  2   1  0   1  0  0  1  0  0/0    14:10   2:05   0:04 
Craig Adams              0  0  0   0  0   2  3  1  0  2  0/1    17:34   0:00   9:28 
Dalton Prout             0  0  0   0  4   0  1  0  0  1  0/0    17:30   0:00   5:18 
David Krejci             0  2  2  -2  0   1  1  0  2  0  17/23  19:10   4:54   2:56 
Dustin Brown             1  0  1  -1  0   2  3  1  1  0  0/0    14:56   4:40   0:28 
Erik Karlsson            2  1  3  -2  4   8  0  1  0  0  0/0    21:56   6:47   0:41 
Frans Nielsen            0  0  0   1  0   1  0  0  1  1  3/6    11:13   0:00   0:32 
Jamie Benn               1  0  1  -2  0   5  0  0  6  0  1/1    16:30   4:54   0:00 
Kevin Klein              0  0  0  -1  0   1  0  2  3  0  0/0    18:10   0:00   6:09 
Lauri Korpikoski         0  0  0   0  0   0  0  1  0  0  0/0     9:25   0:00   1:43 
Marcel Goc               0  0  0   0  0   1  0  0  1  1  1/4     9:25   0:00   1:43 
Olli Maatta              0  0  0  -1  2   0  0  0  0  1  0/0    17:37   2:31   0:10 
Patrik Berglund          0  0  0  -1  2   0  2  0  1  0  1/2    12:23   2:05   0:00 
Paul Gaustad             0  0  0  -1  4   0  0  0  1  1  9/18   16:06   0:00   6:38 
Rob Scuderi              0  0  0   0  0   1  0  2  0  0  0/0    22:19   0:00   8:02 
Travis Hamonic           0  0  0   0  2   1  3  0  0  1  0/0    18:21   0:00   5:16 
Tyler Ennis              0  1  1  -1  0   2  2  1  4  1  0/1    13:47   2:05   0:00 

3 Stars

1 - Tyler Johnson (NJD)
2 - Matt Cullen (NJD)
3 - Paul Stastny (NJD)

Power Play

Devils - 4 on 10 Attempt(s) - 40.00%
Islanders - 3 on 7 Attempt(s) - 42.86%

Penalty Kill

Devils - 4 on 7 Attempt(s) - 57.14% - Score 1 goal in Penalty Kill
Islanders - 6 on 10 Attempt(s) - 60.00% - Score 0 goal in Penalty Kill

Team Stat

Devils - Hits : 23 - Faceoff Wins : 25 - Blocked Shots : 6 - Penalty Minutes : 14
Islanders - Hits : 17 - Faceoff Wins : 33 - Blocked Shots : 9 - Penalty Minutes : 20

Official

Referees : Unknown
Linesman : Unknown

Game Notes

Tyler Johnson has scored a Hat Trick!
Andrew Hammond enters game at 3:16 of 2nd period

Finance

Level 1 -- Attendance: 3823 (63.72%) -- Ticket Income $382,300
Level 2 -- Attendance: 3157 (63.14%) -- Ticket Income $205,205
Level 3 -- Attendance: 1260 (63.00%) -- Ticket Income $56,700
Level 4 -- Attendance: 2520 (63.00%) -- Ticket Income $75,600
Luxury Box -- Attendance: 651 (65.10%) -- Ticket Income $130,200
Game was played at the Nassau Coliseum.
Total Attendance: 11411 (63.39%)
Total Ticket Income: $850,005
Other Income: $416,502
Total Income: $1,266,507

Devils

5 vs 5 Forward 
   Center                   Left Wing                Right Wing               Time % Phy DF OF 
 1 Paul Stastny             Tyler Johnson            Drew Stafford            35     0   0  5  
 2 Matt Cullen              Scottie Upshall          Ales Hemsky              30     1   2  2  
 3 Andrew Miller            Zach Boychuk             Jason Akeson             22     1   2  2  
 4 Brendan Shinnimin        Chris Porter             Tyler Johnson            13     1   2  2  

5 vs 5 Defense 
   Defense                  Defense                                           Time % Phy DF OF 
 1 Matt Greene              Brad Hunt                                         35     1   2  2  
 2 Radko Gudas              David Warsofsky                                   34     1   2  2  
 3 Matt Irwin               Chris Wideman                                     30     1   2  2  
 4 Chris Wideman            Matt Greene                                       1      1   2  2  

PowerPlay Forward 
   Center                   Left Wing                Right Wing               Time % Phy DF OF 
 1 Paul Stastny             Tyler Johnson            Drew Stafford            60     0   0  5  
 2 Matt Cullen              Zach Boychuk             Scottie Upshall          40     0   0  5  

PowerPlay Defense
   Defense                  Defense                                           Time % Phy DF OF 
 1 Ales Hemsky              Brad Hunt                                         60     0   0  5  
 2 Chris Wideman            Matt Irwin                                        40     0   0  5  

Penalty Kill 4 Players Forward 
   Center                   Wing                     Time % Phy DF OF 
 1 Matt Cullen              Scottie Upshall          60     0   5  0  
 2 Brendan Shinnimin        Ales Hemsky              40     0   5  0  

Penalty Kill 4 Players Defense
   Defense                  Defense                  Time % Phy DF OF 
 1 Matt Greene              Matt Irwin               60     0   5  0  
 2 Radko Gudas              Brad Hunt                40     0   5  0  

Penalty Kill - 3 Players Forward 
   Forward                                           Time % Phy DF OF 
 1 Matt Cullen                                       60     0   5  0  
 2 Brendan Shinnimin                                 40     0   5  0  

Penalty Kill - 3 Players Defense
   Defense                  Defense                  Time % Phy DF OF 
 1 Matt Greene              Matt Irwin               60     0   5  0  
 2 Radko Gudas              Brad Hunt                40     0   5  0  

4 vs 4 Forward 
   Center                   Wing                     Time % Phy DF OF 
 1 Paul Stastny             Tyler Johnson            60     0   0  5  
 2 Brendan Shinnimin        Matt Cullen              40     1   3  1  

4 vs 4 Defense
   Defense                  Defense                  Time % Phy DF OF 
 1 Matt Greene              Brad Hunt                60     0   0  5  
 2 Radko Gudas              Chris Wideman            40     1   3  1  

Last Minutes Offensive
   Center                   Left Wing                Right Wing               Defense                  Defense                  
   Paul Stastny             Tyler Johnson            Drew Stafford            Brad Hunt                Chris Wideman            

Last Minutes Defensive
   Center                   Left Wing                Right Wing               Defense                  Defense                  
   Paul Stastny             Matt Cullen              Scottie Upshall          Matt Greene              Radko Gudas              

Goaltenders
Starting : Devan Dubnyk             
Backup : Anton Khudobin           

Extra Forwards
Normal : Tyler Johnson, Scottie Upshall, Zach Boychuk - PP : Zach Boychuk, Jason Akeson - PK : Ales Hemsky
Extra Defensemen
Normal : Chris Wideman, Matt Greene, Radko Gudas - PP : Radko Gudas - PK : Chris Wideman, David Warsofsky
Penalty Shots
Matt Cullen, Drew Stafford, Ales Hemsky, Tyler Johnson, Andrew Miller

Islanders

5 vs 5 Forward 
   Center                   Left Wing                Right Wing               Time % Phy DF OF 
 1 David Krejci             Jamie Benn               Tyler Ennis              30     1   2  2  
 2 Frans Nielsen            Carl Hagelin             Brandon Pirri            27     1   2  2  
 3 Paul Gaustad             Dustin Brown             Patrik Berglund          25     1   2  2  
 4 Marcel Goc               Craig Adams              Lauri Korpikoski         18     1   2  2  

5 vs 5 Defense 
   Defense                  Defense                                           Time % Phy DF OF 
 1 Erik Karlsson            Kevin Klein                                       33     1   2  2  
 2 Olli Maatta              Travis Hamonic                                    30     1   2  2  
 3 Dalton Prout             Rob Scuderi                                       24     1   2  2  
 4 Erik Karlsson            Rob Scuderi                                       13     1   2  2  

PowerPlay Forward 
   Center                   Left Wing                Right Wing               Time % Phy DF OF 
 1 David Krejci             Jamie Benn               Brandon Pirri            70     1   2  2  
 2 Patrik Berglund          Carl Hagelin             Tyler Ennis              30     1   2  2  

PowerPlay Defense
   Defense                  Defense                                           Time % Phy DF OF 
 1 Erik Karlsson            Dustin Brown                                      60     1   2  2  
 2 Erik Karlsson            Olli Maatta                                       40     1   2  2  

Penalty Kill 4 Players Forward 
   Center                   Wing                     Time % Phy DF OF 
 1 Paul Gaustad             Craig Adams              60     1   2  2  
 2 Marcel Goc               Lauri Korpikoski         40     1   2  2  

Penalty Kill 4 Players Defense
   Defense                  Defense                  Time % Phy DF OF 
 1 Kevin Klein              Rob Scuderi              50     1   2  2  
 2 Dalton Prout             Travis Hamonic           50     1   2  2  

Penalty Kill - 3 Players Forward 
   Forward                                           Time % Phy DF OF 
 1 Craig Adams                                       60     1   2  2  
 2 Marcel Goc                                        40     1   2  2  

Penalty Kill - 3 Players Defense
   Defense                  Defense                  Time % Phy DF OF 
 1 Rob Scuderi              Kevin Klein              50     1   2  2  
 2 Dalton Prout             Travis Hamonic           50     1   2  2  

4 vs 4 Forward 
   Center                   Wing                     Time % Phy DF OF 
 1 David Krejci             Jamie Benn               60     1   2  2  
 2 Frans Nielsen            Brandon Pirri            40     1   2  2  

4 vs 4 Defense
   Defense                  Defense                  Time % Phy DF OF 
 1 Erik Karlsson            Kevin Klein              60     1   2  2  
 2 Travis Hamonic           Olli Maatta              40     1   2  2  

Last Minutes Offensive
   Center                   Left Wing                Right Wing               Defense                  Defense                  
   David Krejci             Jamie Benn               Brandon Pirri            Erik Karlsson            Olli Maatta              

Last Minutes Defensive
   Center                   Left Wing                Right Wing               Defense                  Defense                  
   Paul Gaustad             Marcel Goc               Craig Adams              Rob Scuderi              Kevin Klein              

Goaltenders
Starting : Braden Holtby            
Backup : Andrew Hammond           

Extra Forwards
Normal : Jamie Benn, Carl Hagelin, Dustin Brown - PP : Brandon Pirri, Jamie Benn - PK : Craig Adams
Extra Defensemen
Normal : Erik Karlsson, Kevin Klein, Travis Hamonic - PP : Erik Karlsson - PK : Rob Scuderi, Dalton Prout
Penalty Shots
Brandon Pirri, Frans Nielsen, Tyler Ennis, Dustin Brown, Erik Karlsson

% Time on Ice - Devils

Lines # - Real PCT - Wanted PCT - Time Play
Normal Forward
1 - 30% - 35% - 11:45
2 - 27% - 30% - 10:36
3 - 28% - 22% - 10:47
4 - 14% - 13% - 5:30
Normal Defense
1 - 38% - 35% - 14:34
2 - 34% - 34% - 13:16
3 - 28% - 30% - 10:48
4 - 0% - 1% - 0:00
PP Forward
1 - 59% - 60% - 7:25
2 - 41% - 40% - 5:03
PP Defense
1 - 53% - 60% - 6:33
2 - 47% - 40% - 5:55
PK Forward
1 - 86% - 60% - 6:00
2 - 14% - 40% - 0:59
PK Defense
1 - 51% - 60% - 3:35
2 - 49% - 40% - 3:24
PK3 Forward
1 - 0% - 60%
2 - 0% - 40%
PK3 Defense
1 - 0% - 60%
2 - 0% - 40%
44 Forward
1 - 100% - 60% - 1:55
2 - 0% - 40% - 0:00
44 Defense
1 - 43% - 60% - 0:50
2 - 57% - 40% - 1:05
Last Minute Offensive  - 0:00
Last Minute Defensive  - 0:00
Total
Forward - 60:00
Defense - 60:00

% Time on Ice - Islanders

Lines # - Real PCT - Wanted PCT - Time Play
Normal Forward
1 - 28% - 30% - 10:55
2 - 33% - 27% - 12:34
3 - 22% - 25% - 8:25
4 - 17% - 18% - 6:44
Normal Defense
1 - 31% - 33% - 12:09
2 - 34% - 30% - 12:58
3 - 28% - 24% - 10:59
4 - 7% - 13% - 2:32
PP Forward
1 - 70% - 70% - 4:54
2 - 30% - 30% - 2:05
PP Defense
1 - 71% - 60% - 4:56
2 - 29% - 40% - 2:03
PK Forward
1 - 85% - 60% - 9:58
2 - 15% - 40% - 1:47
PK Defense
1 - 47% - 50% - 5:33
2 - 53% - 50% - 6:12
PK3 Forward
1 - 100% - 60% - 0:43
2 - 0% - 40% - 0:00
PK3 Defense
1 - 84% - 50% - 0:36
2 - 16% - 50% - 0:07
44 Forward
1 - 78% - 60% - 1:30
2 - 22% - 40% - 0:25
44 Defense
1 - 59% - 60% - 1:08
2 - 41% - 40% - 0:47
Last Minute Offensive  - 0:00
Last Minute Defensive  - 0:00
Total
Forward - 60:00
Defense - 60:00

Play by Play

1st period


0:01 of 1st period - David Krejci wins face-off versus Paul Stastny in neutral zone.
0:12 of 1st period - Snap shot by Drew Stafford.
0:12 of 1st period - Stopped by Braden Holtby with a rebound.
0:14 of 1st period - Wrist shot by Tyler Johnson.
0:14 of 1st period - Goal by Tyler Johnson - Devils : 1 - Islanders : 0.
0:15 of 1st period - Matt Cullen wins face-off versus Frans Nielsen in neutral zone.
0:36 of 1st period - Snap shot by Brandon Pirri.
0:36 of 1st period - Stopped by Devan Dubnyk with a rebound.
0:38 of 1st period - Wrist shot by Brandon Pirri.
0:38 of 1st period - Stopped by Devan Dubnyk without a rebound.
0:39 of 1st period - Paul Gaustad wins face-off versus Andrew Miller in Devils zone.
1:31 of 1st period - Lauri Korpikoski is hit by Matt Irwin and loses puck.
3:35 of 1st period - Icing by Radko Gudas.
3:36 of 1st period - Andrew Miller wins face-off versus Paul Gaustad in Devils zone.
3:36 of 1st period - Andrew Miller is hit by Dustin Brown.
4:28 of 1st period - Minor Penalty to Paul Gaustad for Cross-checking.
4:29 of 1st period - Paul Stastny wins face-off versus David Krejci in Islanders zone.
4:32 of 1st period - Snap shot by Tyler Johnson.
4:32 of 1st period - Shot Blocked by Kevin Klein.
4:34 of 1st period - Snap shot by Chris Wideman.
4:34 of 1st period - Stopped by Braden Holtby with a rebound.
4:36 of 1st period - Wrist shot by Drew Stafford.
4:36 of 1st period - Stopped by Braden Holtby with a rebound.
4:38 of 1st period - Snap shot by Paul Stastny.
4:38 of 1st period - Deflect By Rob Scuderi.
4:38 of 1st period - Stopped by Braden Holtby without a rebound.
4:39 of 1st period - David Krejci wins face-off versus Paul Stastny in Islanders zone.
5:04 of 1st period - Snap shot by Paul Stastny.
5:04 of 1st period - Shot Blocked by Craig Adams.
5:06 of 1st period - Snap shot by Matt Irwin.
5:06 of 1st period - Stopped by Braden Holtby with a rebound.
5:08 of 1st period - Slapshot by Matt Irwin.
5:08 of 1st period - Deflect By Tyler Johnson.
5:08 of 1st period - Goal by Tyler Johnson - Devils : 2 - Islanders : 0.
5:09 of 1st period - Matt Cullen wins face-off versus Frans Nielsen in neutral zone.
5:30 of 1st period - Slapshot by Matt Cullen.
5:30 of 1st period - Stopped by Braden Holtby without a rebound.
5:31 of 1st period - David Krejci wins face-off versus Paul Stastny in Islanders zone.
5:36 of 1st period - Tyler Johnson is hit by David Krejci and loses puck.
5:43 of 1st period - Rob Scuderi is hit by Matt Greene and loses puck.
6:38 of 1st period - Zach Boychuk is hit by Craig Adams and loses puck.
7:08 of 1st period - Slapshot by Scottie Upshall.
7:08 of 1st period - Shot Blocked by Rob Scuderi.
7:26 of 1st period - Slapshot by Erik Karlsson.
7:26 of 1st period - Stopped by Devan Dubnyk with a rebound.
7:28 of 1st period - Slapshot by Erik Karlsson.
7:28 of 1st period - Stopped by Devan Dubnyk without a rebound.
7:29 of 1st period - Frans Nielsen wins face-off versus Brendan Shinnimin in Devils zone.
7:48 of 1st period - Slapshot by Erik Karlsson.
7:48 of 1st period - Goal by Erik Karlsson - Devils : 2 - Islanders : 1.
7:49 of 1st period - David Krejci wins face-off versus Matt Cullen in neutral zone.
8:04 of 1st period - Wrist shot by Tyler Ennis.
8:04 of 1st period - Stopped by Devan Dubnyk without a rebound.
8:05 of 1st period - Matt Cullen wins face-off versus David Krejci in Devils zone.
8:32 of 1st period - Snap shot by Scottie Upshall.
8:32 of 1st period - Shot Misses the Net.
8:34 of 1st period - Wrist shot by Matt Cullen.
8:34 of 1st period - Shot Misses the Net.
8:40 of 1st period - Double Minor Penalty to Erik Karlsson for High sticking.
8:41 of 1st period - Paul Gaustad wins face-off versus Paul Stastny in Islanders zone.
8:58 of 1st period - Wrist shot by Tyler Johnson.
8:58 of 1st period - Shot Misses the Net.
9:00 of 1st period - Snap shot by Paul Stastny.
9:00 of 1st period - Goal by Paul Stastny - Devils : 3 - Islanders : 1.
9:01 of 1st period - Drew Stafford wins face-off versus Paul Gaustad in neutral zone.
9:06 of 1st period - Craig Adams is hit by Paul Stastny and loses puck.
10:16 of 1st period - Minor Penalty to Travis Hamonic for Holding.
10:17 of 1st period - Paul Stastny wins face-off versus Craig Adams in Islanders zone.
11:00 of 1st period - Penalty to Erik Karlsson is over, Erik Karlsson is back on ice.
11:06 of 1st period - David Krejci is hit by Matt Cullen.
11:27 of 1st period - Wrist shot by Paul Stastny.
11:27 of 1st period - Stopped by Braden Holtby with a rebound.
11:47 of 1st period - Chris Wideman is hit by Dalton Prout and loses puck.
12:16 of 1st period - Penalty to Travis Hamonic is over, Travis Hamonic is back on ice.
12:20 of 1st period - Wrist shot by Jamie Benn.
12:20 of 1st period - Stopped by Devan Dubnyk with a rebound.
12:46 of 1st period - Wrist shot by Frans Nielsen.
12:46 of 1st period - Stopped by Devan Dubnyk without a rebound.
12:47 of 1st period - Frans Nielsen wins face-off versus Brendan Shinnimin in Devils zone.
12:48 of 1st period - Slapshot by Erik Karlsson.
12:48 of 1st period - Shot Hit the Post.
12:53 of 1st period - Minor Penalty to Brendan Shinnimin for Roughing.
12:54 of 1st period - David Krejci wins face-off versus Matt Cullen in Devils zone.
12:57 of 1st period - Minor Penalty to Brandon Pirri for Tripping.
12:58 of 1st period - David Krejci wins face-off versus Paul Stastny in Islanders zone.
13:24 of 1st period - Snap shot by Tyler Johnson.
13:24 of 1st period - Shot Blocked by Erik Karlsson.
13:26 of 1st period - Wrist shot by Tyler Johnson.
13:26 of 1st period - Stopped by Braden Holtby with a rebound.
13:28 of 1st period - Snap shot by Paul Stastny.
13:28 of 1st period - Shot Misses the Net.
13:30 of 1st period - Slapshot by Matt Greene.
13:30 of 1st period - Stopped by Braden Holtby with a rebound.
13:32 of 1st period - Snap shot by Paul Stastny.
13:32 of 1st period - Stopped by Braden Holtby with a rebound.
13:34 of 1st period - Slapshot by Tyler Johnson.
13:34 of 1st period - Stopped by Braden Holtby with a rebound.
14:18 of 1st period - Snap shot by Jamie Benn.
14:18 of 1st period - Shot Misses the Net.
14:20 of 1st period - Snap shot by David Krejci.
14:20 of 1st period - Shot Misses the Net.
14:22 of 1st period - Slapshot by Travis Hamonic.
14:22 of 1st period - Stopped by Devan Dubnyk with a rebound.
14:24 of 1st period - Wrist shot by David Krejci.
14:24 of 1st period - Shot Blocked by Paul Stastny.
14:47 of 1st period - Wrist shot by Carl Hagelin.
14:47 of 1st period - Stopped by Devan Dubnyk with a rebound.
14:53 of 1st period - Penalty to Brendan Shinnimin is over, Brendan Shinnimin is back on ice.
14:57 of 1st period - Penalty to Brandon Pirri is over, Brandon Pirri is back on ice.
14:58 of 1st period - Off-side.
14:59 of 1st period - Paul Gaustad wins face-off versus Matt Cullen in neutral zone.
16:00 of 1st period - Slapshot by Erik Karlsson.
16:00 of 1st period - Shot Misses the Net.
16:14 of 1st period - Wrist shot by Marcel Goc.
16:14 of 1st period - Stopped by Devan Dubnyk with a rebound.
16:16 of 1st period - Wrist shot by Craig Adams.
16:16 of 1st period - Stopped by Devan Dubnyk with a rebound.
18:11 of 1st period - Minor Penalty to Dalton Prout for Roughing.
18:12 of 1st period - Paul Gaustad wins face-off versus Paul Stastny in Islanders zone.
19:25 of 1st period - Matt Cullen is hit by Travis Hamonic and loses puck.
19:52 of 1st period - Tyler Johnson is hit by Travis Hamonic and loses puck.
19:59 of 1st period - Wrist shot by Drew Stafford.
19:59 of 1st period - Stopped by Braden Holtby without a rebound.
Goals for this period are 3 for Devils vs 1 for Islanders.
Shots for this period are 15 for Devils vs 12 for Islanders.

2nd period


0:01 of 2nd period - Paul Stastny wins face-off versus Paul Gaustad in neutral zone.
0:11 of 2nd period - Penalty to Dalton Prout is over, Dalton Prout is back on ice.
0:52 of 2nd period - Snap shot by Jason Akeson.
0:52 of 2nd period - Shot Blocked by Tyler Ennis.
0:54 of 2nd period - Slapshot by Radko Gudas.
0:54 of 2nd period - Stopped by Braden Holtby with a rebound.
0:56 of 2nd period - Backhand shot by Andrew Miller.
0:56 of 2nd period - Deflect By Jamie Benn.
0:56 of 2nd period - Shot Misses the Net.
0:56 of 2nd period - Puck is out of play.
0:57 of 2nd period - Zach Boychuk wins face-off versus David Krejci in Islanders zone.
1:45 of 2nd period - Slapshot by Matt Cullen.
1:45 of 2nd period - Stopped by Braden Holtby with a rebound.
3:14 of 2nd period - Snap shot by Chris Porter.
3:14 of 2nd period - Shot Misses the Net.
3:16 of 2nd period - Wrist shot by Tyler Johnson.
3:16 of 2nd period - Goal by Tyler Johnson - Devils : 4 - Islanders : 1.
3:16 of 2nd period - Andrew Hammond enters game.
3:17 of 2nd period - Andrew Miller wins face-off versus Marcel Goc in neutral zone.
3:40 of 2nd period - Snap shot by Craig Adams.
3:40 of 2nd period - Stopped by Devan Dubnyk without a rebound.
3:41 of 2nd period - Ales Hemsky wins face-off versus Paul Gaustad in Devils zone.
3:46 of 2nd period - Wrist shot by Matt Cullen.
3:46 of 2nd period - Stopped by Andrew Hammond with a rebound.
4:32 of 2nd period - Snap shot by Jamie Benn.
4:32 of 2nd period - Stopped by Devan Dubnyk with a rebound.
4:34 of 2nd period - Snap shot by Travis Hamonic.
4:34 of 2nd period - Shot Misses the Net.
4:40 of 2nd period - Travis Hamonic is hit by Tyler Johnson and loses puck.
4:50 of 2nd period - Drew Stafford is hit by Tyler Ennis and loses puck.
5:15 of 2nd period - Carl Hagelin is hit by Andrew Miller and loses puck.
5:36 of 2nd period - Wrist shot by Frans Nielsen.
5:36 of 2nd period - Shot Blocked by Andrew Miller.
5:38 of 2nd period - Slapshot by Olli Maatta.
5:38 of 2nd period - Shot Blocked by Zach Boychuk.
5:40 of 2nd period - Slapshot by Frans Nielsen.
5:40 of 2nd period - Shot Misses the Net.
5:49 of 2nd period - Off-side.
5:50 of 2nd period - Matt Cullen wins face-off versus Marcel Goc in neutral zone.
5:53 of 2nd period - Slapshot by Matt Irwin.
5:53 of 2nd period - Stopped by Andrew Hammond with a rebound.
6:07 of 2nd period - Wrist shot by Marcel Goc.
6:07 of 2nd period - Deflect By Scottie Upshall.
6:07 of 2nd period - Shot Misses the Net.
6:07 of 2nd period - Puck is out of play.
6:08 of 2nd period - Matt Cullen wins face-off versus Paul Gaustad in Devils zone.
6:14 of 2nd period - Minor Penalty to Patrik Berglund for Hooking.
6:15 of 2nd period - Paul Stastny wins face-off versus Paul Gaustad in Islanders zone.
6:40 of 2nd period - Rob Scuderi is hit by Drew Stafford and loses puck.
7:03 of 2nd period - Kevin Klein is hit by Chris Wideman and loses puck.
7:12 of 2nd period - Wrist shot by Matt Cullen.
7:12 of 2nd period - Deflect By Craig Adams.
7:12 of 2nd period - Shot Blocked by Kevin Klein.
7:12 of 2nd period - Puck is out of play.
7:13 of 2nd period - Marcel Goc wins face-off versus Matt Cullen in Islanders zone.
7:26 of 2nd period - Wrist shot by Scottie Upshall.
7:26 of 2nd period - Shot Misses the Net.
7:28 of 2nd period - Slapshot by Matt Cullen.
7:28 of 2nd period - Goal by Matt Cullen - Devils : 5 - Islanders : 1.
7:29 of 2nd period - David Krejci wins face-off versus Tyler Johnson in neutral zone.
7:35 of 2nd period - Wrist shot by Tyler Ennis.
7:35 of 2nd period - Shot Misses the Net.
8:53 of 2nd period - Minor Penalty to Dalton Prout for Cross-checking.
8:54 of 2nd period - Paul Gaustad wins face-off versus Paul Stastny in Islanders zone.
8:54 of 2nd period - Paul Gaustad is hit by Drew Stafford.
9:33 of 2nd period - Kevin Klein is hit by Ales Hemsky and loses puck.
9:44 of 2nd period - Matt Cullen is hit by Craig Adams and loses puck.
9:51 of 2nd period - Slapshot by Matt Irwin.
9:51 of 2nd period - Goal by Matt Irwin - Devils : 6 - Islanders : 1.
9:52 of 2nd period - David Krejci wins face-off versus Andrew Miller in neutral zone.
10:11 of 2nd period - Minor Penalty to Chris Wideman for Elbowing.
10:12 of 2nd period - David Krejci wins face-off versus Matt Cullen in Devils zone.
11:06 of 2nd period - Matt Cullen is hit by Tyler Ennis and loses puck.
11:17 of 2nd period - Slapshot by Erik Karlsson.
11:17 of 2nd period - Stopped by Devan Dubnyk without a rebound.
11:18 of 2nd period - Brandon Pirri wins face-off versus Matt Cullen in Devils zone.
11:33 of 2nd period - Slapshot by Erik Karlsson.
11:33 of 2nd period - Shot Misses the Net.
12:06 of 2nd period - Icing by Erik Karlsson.
12:07 of 2nd period - Patrik Berglund wins face-off versus Ales Hemsky in Islanders zone.
12:11 of 2nd period - Penalty to Chris Wideman is over, Chris Wideman is back on ice.
12:12 of 2nd period - Matt Irwin is hit by Patrik Berglund and loses puck.
13:45 of 2nd period - Dalton Prout is hit by Jason Akeson and loses puck.
14:32 of 2nd period - Erik Karlsson is hit by Chris Porter and loses puck.
15:02 of 2nd period - Wrist shot by Marcel Goc.
15:02 of 2nd period - Shot Misses the Net.
16:10 of 2nd period - Drew Stafford is hit by Travis Hamonic and loses puck.
16:51 of 2nd period - Wrist shot by Zach Boychuk.
16:51 of 2nd period - Shot Misses the Net.
16:53 of 2nd period - Snap shot by Matt Greene.
16:53 of 2nd period - Shot Misses the Net.
16:59 of 2nd period - Wrist shot by Andrew Miller.
16:59 of 2nd period - Shot Blocked by Rob Scuderi.
17:43 of 2nd period - Snap shot by Andrew Miller.
17:43 of 2nd period - Deflect By Brandon Pirri.
17:43 of 2nd period - Stopped by Andrew Hammond without a rebound.
17:44 of 2nd period - Paul Gaustad wins face-off versus Andrew Miller in Islanders zone.
17:44 of 2nd period - Paul Gaustad is hit by Andrew Miller.
17:54 of 2nd period - Wrist shot by Dustin Brown.
17:54 of 2nd period - Stopped by Devan Dubnyk with a rebound.
18:16 of 2nd period - Minor Penalty to Matt Greene for Interference.
18:17 of 2nd period - David Krejci wins face-off versus Matt Cullen in Devils zone.
18:22 of 2nd period - Wrist shot by David Krejci.
18:22 of 2nd period - Stopped by Devan Dubnyk without a rebound.
18:23 of 2nd period - David Krejci wins face-off versus Matt Cullen in Devils zone.
18:36 of 2nd period - Snap shot by Erik Karlsson.
18:36 of 2nd period - Deflect By Jamie Benn.
18:36 of 2nd period - Shot Blocked by Matt Irwin.
18:36 of 2nd period - Puck is out of play.
18:37 of 2nd period - Jamie Benn wins face-off versus Matt Cullen in Devils zone.
18:42 of 2nd period - Snap shot by Erik Karlsson.
18:42 of 2nd period - Stopped by Devan Dubnyk with a rebound.
18:44 of 2nd period - Wrist shot by Jamie Benn.
18:44 of 2nd period - Stopped by Devan Dubnyk with a rebound.
18:46 of 2nd period - Slapshot by Erik Karlsson.
18:46 of 2nd period - Stopped by Devan Dubnyk with a rebound.
18:48 of 2nd period - Wrist shot by David Krejci.
18:48 of 2nd period - Shot Blocked by Matt Irwin.
18:50 of 2nd period - Slapshot by Dustin Brown.
18:50 of 2nd period - Deflect By Matt Cullen.
18:50 of 2nd period - Goal by Dustin Brown - Devils : 6 - Islanders : 2.
18:51 of 2nd period - Paul Stastny wins face-off versus Paul Gaustad in neutral zone.
19:03 of 2nd period - Minor Penalty to Olli Maatta for Unsportsmanlike conduct.
19:04 of 2nd period - Paul Stastny wins face-off versus Paul Gaustad in Islanders zone.
19:57 of 2nd period - Travis Hamonic is hit by Zach Boychuk and loses puck.
Goals for this period are 3 for Devils vs 1 for Islanders.
Shots for this period are 8 for Devils vs 9 for Islanders.

3rd period


0:01 of 3rd period - Paul Gaustad wins face-off versus Paul Stastny in neutral zone.
0:28 of 3rd period - Off-side.
0:29 of 3rd period - Matt Cullen wins face-off versus Paul Gaustad in neutral zone.
1:03 of 3rd period - Penalty to Olli Maatta is over, Olli Maatta is back on ice.
1:18 of 3rd period - Slapshot by Travis Hamonic.
1:18 of 3rd period - Shot Misses the Net.
1:30 of 3rd period - Olli Maatta is hit by Tyler Johnson and loses puck.
1:39 of 3rd period - Slapshot by Erik Karlsson.
1:39 of 3rd period - Shot Blocked by Chris Porter.
1:58 of 3rd period - Minor Penalty to Chris Wideman for Slashing.
1:59 of 3rd period - David Krejci wins face-off versus Matt Cullen in Devils zone.
2:29 of 3rd period - Scottie Upshall is hit by Brandon Pirri.
2:37 of 3rd period - Slapshot by Erik Karlsson.
2:37 of 3rd period - Stopped by Devan Dubnyk with a rebound.
3:34 of 3rd period - Wrist shot by Jamie Benn.
3:34 of 3rd period - Shot Misses the Net.
3:58 of 3rd period - Penalty to Chris Wideman is over, Chris Wideman is back on ice.
4:11 of 3rd period - Carl Hagelin is hit by Chris Wideman and loses puck.
5:14 of 3rd period - Minor Penalty to Chris Wideman for Holding.
5:15 of 3rd period - Matt Cullen wins face-off versus David Krejci in Devils zone.
5:30 of 3rd period - Backhand shot by Scottie Upshall.
5:30 of 3rd period - Goal by Scottie Upshall - Devils : 7 - Islanders : 2.
5:31 of 3rd period - David Krejci wins face-off versus Matt Cullen in neutral zone.
5:34 of 3rd period - Matt Cullen is hit by Brandon Pirri.
5:38 of 3rd period - Slapshot by Matt Irwin.
5:38 of 3rd period - Stopped by Andrew Hammond with a rebound.
5:40 of 3rd period - Wrist shot by Scottie Upshall.
5:40 of 3rd period - Shot Misses the Net.
5:42 of 3rd period - Backhand shot by Matt Greene.
5:42 of 3rd period - Stopped by Andrew Hammond with a rebound.
5:44 of 3rd period - Slapshot by Matt Greene.
5:44 of 3rd period - Shot Misses the Net.
5:46 of 3rd period - Slapshot by Matt Greene.
5:46 of 3rd period - Deflect By Jamie Benn.
5:46 of 3rd period - Stopped by Andrew Hammond without a rebound.
5:47 of 3rd period - Matt Cullen wins face-off versus Brandon Pirri in Islanders zone.
5:50 of 3rd period - Snap shot by Scottie Upshall.
5:50 of 3rd period - Stopped by Andrew Hammond without a rebound.
5:51 of 3rd period - David Krejci wins face-off versus Matt Cullen in Islanders zone.
6:11 of 3rd period - Matt Cullen is hit by Dustin Brown.
6:52 of 3rd period - Brad Hunt is hit by Dustin Brown and loses puck.
6:59 of 3rd period - Brandon Pirri is hit by Radko Gudas and loses puck.
7:14 of 3rd period - Penalty to Chris Wideman is over, Chris Wideman is back on ice.
7:28 of 3rd period - Craig Adams is hit by Chris Porter and loses puck.
7:37 of 3rd period - Rob Scuderi is hit by Matt Irwin and loses puck.
9:19 of 3rd period - Dalton Prout is hit by Matt Greene and loses puck.
10:22 of 3rd period - Minor Penalty to David Warsofsky for Hooking.
10:23 of 3rd period - Matt Cullen wins face-off versus Patrik Berglund in Devils zone.
10:38 of 3rd period - Slapshot by Erik Karlsson.
10:38 of 3rd period - Goal by Erik Karlsson - Devils : 7 - Islanders : 3.
10:39 of 3rd period - David Krejci wins face-off versus Andrew Miller in neutral zone.
11:30 of 3rd period - Snap shot by Matt Cullen.
11:30 of 3rd period - Deflect By Ales Hemsky.
11:30 of 3rd period - Shot Misses the Net.
11:30 of 3rd period - Puck is out of play.
11:31 of 3rd period - Frans Nielsen wins face-off versus Matt Cullen in Islanders zone.
11:46 of 3rd period - Slapshot by Erik Karlsson.
11:46 of 3rd period - Shot Misses the Net.
11:50 of 3rd period - Wrist shot by Carl Hagelin.
11:50 of 3rd period - Shot Misses the Net.
11:52 of 3rd period - Backhand shot by Kevin Klein.
11:52 of 3rd period - Deflect By Brad Hunt.
11:52 of 3rd period - Stopped by Devan Dubnyk without a rebound.
11:53 of 3rd period - Paul Gaustad wins face-off versus Paul Stastny in Devils zone.
12:30 of 3rd period - Snap shot by Patrik Berglund.
12:30 of 3rd period - Deflect By Paul Gaustad.
12:30 of 3rd period - Shot Misses the Net.
12:30 of 3rd period - Puck is out of play.
12:31 of 3rd period - Scottie Upshall wins face-off versus Marcel Goc in Devils zone.
13:22 of 3rd period - Carl Hagelin is hit by Chris Wideman and loses puck.
13:33 of 3rd period - Frans Nielsen is hit by Chris Wideman and loses puck.
13:50 of 3rd period - Brandon Pirri is hit by Andrew Miller and loses puck.
14:16 of 3rd period - Wrist shot by Jamie Benn.
14:16 of 3rd period - Shot Misses the Net.
14:18 of 3rd period - Slapshot by Dalton Prout.
14:18 of 3rd period - Shot Misses the Net.
14:20 of 3rd period - Snap shot by Tyler Ennis.
14:20 of 3rd period - Stopped by Devan Dubnyk with a rebound.
14:22 of 3rd period - Snap shot by Rob Scuderi.
14:22 of 3rd period - Deflect By Drew Stafford.
14:22 of 3rd period - Stopped by Devan Dubnyk without a rebound.
14:23 of 3rd period - Paul Gaustad wins face-off versus Brendan Shinnimin in Devils zone.
15:05 of 3rd period - Minor Penalty to Scottie Upshall for Hooking.
15:06 of 3rd period - David Krejci wins face-off versus Matt Cullen in Devils zone.
15:11 of 3rd period - Wrist shot by Jamie Benn.
15:11 of 3rd period - Stopped by Devan Dubnyk with a rebound.
15:13 of 3rd period - Slapshot by Jamie Benn.
15:13 of 3rd period - Goal by Jamie Benn - Devils : 7 - Islanders : 4.
15:14 of 3rd period - Matt Cullen wins face-off versus Tyler Ennis in neutral zone.
15:21 of 3rd period - Wrist shot by Scottie Upshall.
15:21 of 3rd period - Stopped by Andrew Hammond without a rebound.
15:22 of 3rd period - David Krejci wins face-off versus Matt Cullen in Islanders zone.
15:40 of 3rd period - Snap shot by Matt Cullen.
15:40 of 3rd period - Stopped by Andrew Hammond with a rebound.
16:21 of 3rd period - Paul Stastny is hit by Patrik Berglund and loses puck.
16:28 of 3rd period - Slapshot by Matt Irwin.
16:28 of 3rd period - Shot Blocked by Dustin Brown.
16:36 of 3rd period - Slapshot by Tyler Johnson.
16:36 of 3rd period - Stopped by Andrew Hammond with a rebound.
16:49 of 3rd period - Minor Penalty to Paul Gaustad for High sticking.
16:50 of 3rd period - Paul Stastny wins face-off versus David Krejci in Islanders zone.
17:22 of 3rd period - Slapshot by Matt Cullen.
17:22 of 3rd period - Shot Misses the Net.
17:24 of 3rd period - Wrist shot by Matt Cullen.
17:24 of 3rd period - Deflect By David Krejci.
17:24 of 3rd period - Stopped by Andrew Hammond without a rebound.
17:25 of 3rd period - Matt Cullen wins face-off versus David Krejci in Islanders zone.
18:00 of 3rd period - Ales Hemsky is hit by Craig Adams and loses puck.
18:28 of 3rd period - Off-side.
18:29 of 3rd period - Paul Stastny wins face-off versus Frans Nielsen in neutral zone.
18:49 of 3rd period - Penalty to Paul Gaustad is over, Paul Gaustad is back on ice.
19:59 of 3rd period - Slapshot by Tyler Johnson.
19:59 of 3rd period - Shot Blocked by Lauri Korpikoski.
Goals for this period are 1 for Devils vs 2 for Islanders.
Shots for this period are 9 for Devils vs 7 for Islanders.